 Dungeon Crawl Stone Soup version 0.26-a0-163-g6c8a0bf695 (webtiles) character file.

Game seed: 728655594359586185

105 Ijustatesigmund the Chopper (level 4, -4/33 HPs)
             Began as an Octopode Gladiator on July 3, 2020.
             Slain by a hobgoblin
             ... wielding a +0 club
              (7 damage)
             ... on level 3 of the Dungeon.
             The game lasted 00:03:17 (2294 turns).

Ijustatesigmund the Chopper (Octopode Gladiator)    Turns: 2294, Time: 00:03:18

Health: -4/33      AC:  1    Str: 13 (15) XL:     4   Next: 81%
Magic:  4/4        EV: 14    Int:  8 (10) God:
Gold:   146        SH:  0    Dex: 15 (16) Spells: 3/3 levels left

rFire    . . .     SeeInvis .   a - +0 war axe
rCold    . . .     Faith    .   (no shield)
rNeg     . . .     Spirit   .   b - +0 hat
rPois    .         Reflect  .   e - amulet of magic regeneration
rElec    .         Harm     .   (no ring)
rCorr    .                      (no ring)
MR       .....                  (no ring)
Stlth    ++........             (no ring)
HPRegen  0.11/turn              (no ring)
MPRegen  0.34/turn              (no ring)
                                (no ring)
                                (no ring)

@: no status effects
A: almost no armour, stealthy swim, amphibious, 8 rings, constrict 8, camouflage
1, agile 1, screaming 1, strong 1, gelatinous body 1
a: no special abilities


You were on level 3 of the Dungeon.
You were not hungry.

You visited 1 branch of the dungeon, and saw 3 of its levels.

You collected 146 gold pieces.

Inventory:

Hand Weapons
 a - a +0 war axe (weapon)
Missiles
 c - 3 throwing nets (quivered)
Armour
 b - a +0 hat (worn)
Jewellery
 e - an amulet of magic regeneration (around mantle)
Scrolls
 k - 2 scrolls of magic mapping
Potions
 g - a potion of cancellation
 l - a potion of haste {unknown}
Comestibles
 d - 5 rations


   Skills:
 + Level 3.6 Fighting
 + Level 4.3 Axes
 - Level 2.0 Throwing
 - Level 3.0 Dodging


You had 3 spell levels left.
You didn't know any spells.
Your spell library was empty.

Dungeon Overview and Level Annotations

Branches:
Dungeon (3/15)

Altars:
Gozag
Hepliaklqana
Kikubaaqudgha
The Shining One


Innate Abilities, Weirdness & Mutations

You cannot wear most types of armour.
You are very stealthy in the water. (Stealth+)
You are amphibious.
You can wear up to eight rings at the same time.
You can use your tentacles to constrict eight enemies at once.
Your skin changes colour to match your surroundings (Stealth+).
Your rubbery body absorbs attacks. (AC +1, EV +1)
You are agile. (Dex +2)
You occasionally shout uncontrollably at your foes.
Your muscles are strong. (Str +2)


Message History

An orc wizard comes into view. It is wielding a +0 dagger.
The hobgoblin barely misses you.
Things that are here:
a goblin corpse; a bat corpse The hobgoblin hits you with a +0 club.
* * * LOW HITPOINT WARNING * * *
The bullfrog zombie hits you.
* * * LOW HITPOINT WARNING * * *
Things that are here:
a goblin corpse; a bat corpse It was a potion of degeneration.
There was something very wrong with that liquid.
You feel weakened.
You feel dopey.
You feel clumsy. The bullfrog zombie hits you.
* * * LOW HITPOINT WARNING * * *
The hobgoblin barely misses you. The bullfrog zombie barely misses you.
It was a potion of mutation.
You feel extremely strange.
You feel the urge to shout.
You feel agile.
You feel stronger. The hobgoblin hits you with a +0 club!
You die...

##o .. ... .!. o.
...##g# .......
.....$.##
........####### .
#.....g@...#
...#!##.#Z###......
#..........# #.###
...........!# #
............# .#
....._......# .#
............###.#
_..⌠........##..
.....[$....>##.#


You could see a bullfrog zombie and a hobgoblin.

Vanquished Creatures
  3 adders (D:2)
  An ooze (D:2)
  2 dart slugs (D:2)
  2 leopard geckos (D:1)
  4 giant cockroaches
  7 hobgoblins
  5 ball pythons
  16 bats
  2 frilled lizards
  11 goblins
  10 kobolds
  4 rats
67 creatures vanquished.

Notes
Turn   | Place    | Note
-------+----------+-------------------------------------------
     0 | D:1      | Ijustatesigmund the Octopode Gladiator began the quest for
                  | the Orb.
     0 | D:1      | Reached XP level 1. HP: 14/14 MP: 1/1
   270 | D:1      | Reached XP level 2. HP: 19/20 MP: 2/2
   638 | D:1      | Reached XP level 3. HP: 25/25 MP: 3/3
  1086 | D:2      | Found an ancient bone altar of Kikubaaqudgha.
  1112 | D:2      | Reached XP level 4. HP: 26/31 MP: 4/4
  1173 | D:2      | Reached skill level 4 in Axes
  2270 | D:3      | Found a hazy altar of Hepliaklqana.
  2270 | D:3      | Found an opulent altar of Gozag.
  2280 | D:3      | Found a glowing golden altar of the Shining One.
  2294 | D:3      | Gained mutation: You occasionally shout uncontrollably at
                  | your foes. [potion of mutation]
  2294 | D:3      | Gained mutation: You are agile. (Dex +2) [potion of
                  | mutation]
  2294 | D:3      | Gained mutation: Your muscles are strong. (Str +2) [potion
                  | of mutation]
  2294 | D:3      | Slain by a hobgoblin

Illustrated notes

Levels and vault maps discovered:
D:1:      onia_arrival_mini_spirals, layout_basic
D:2:      layout_rooms, overflow_temple_1_default, serial_co_window_serial,
          co_window_paths_a, co_window_paths_a, co_window_paths_a,
          co_window_paths_a, co_window_of_opportunity_a,
          co_window_of_opportunity_b, co_window_corner_b, co_window_corner_cb,
          co_window_broadway_b, co_window_cross_2, co_window_unsneaky_path_d,
          co_window_4corner_b, glass_columns_a, glass_columns_c,
          glass_columns_c, glass_columns_a
D:3:      kennysheep_the_goblin_king, layout_rooms, grunt_temple_overflow_open,
          old_standard_altar, lightli_sewer_entry_pipes,
          minmay_shallow_snake_nest

Skill      XL: |  1  2  3  4 |
---------------+-------------+-----
Fighting       | 3 |  3.6
Axes           | 4 |  4.3
Throwing       | |  2.0
Dodging        | |  3.0

Action                   |  1- 3 |  4- 6 || total
-------------------------+-------+-------++-------
Melee: War axe           |    72 |    36 ||   108
       Tentacles         |    14 |     3 ||    17
       Constrict         |    21 |     9 ||    30
  Use: Scroll            |     3 |     1 ||     4
       Potion            |       |     2 ||     2
 Stab: Sleeping          |     5 |     1 ||     6
  Eat: Chunk             |     1 |     3 ||     4
Armor: Skin              |    11 |     3 ||    14
Dodge: Dodged            |    90 |    24 ||   114

Table legend:
 A = Non-vault XP
 B = Vault XP
 C = Vault XP percentage of total XP
 D = Non-vault monster count
 E = Vault monster count
 F = Vault count percentage of total count
                 A         B        C        D         E       F
            +---------+---------+-------+---------+---------+-------
      Total |     150 |       0 |   0.0 |      67 |       0 |   0.0
            +---------+---------+-------+---------+---------+-------
        D:1 |      39 |       0 |   0.0 |      27 |       0 |   0.0
        D:2 |     102 |       0 |   0.0 |      34 |       0 |   0.0
        D:3 |       9 |       0 |   0.0 |       6 |       0 |   0.0
            +---------+---------+-------+---------+---------+-------
